 Dungeon Crawl Stone Soup version 0.32-a0-616-g9348d4545b (webtiles) character file.

Game seed: 12575348802886932363

1651713 Midn8 the Slayer (level 25, 280/280 HPs)
             Began as a Demonspawn Monk on Mar 5, 2024.
             Was the Champion of Ashenzari.
             Escaped with the Orb
             ... and 3 runes on Mar 6, 2024!
             The game lasted 03:51:13 (67089 turns).

Midn8 the Slayer (Demonspawn Monk)                 Turns: 67089, Time: 03:51:13

Health: 280/280    AC: 48    Str: 29    XL:     25   Next: 12%
Magic:  38/38      EV: 15    Int: 22    God:    Ashenzari [******]
Gold:   4225       SH: 16    Dex: 17    Spells: 19/46 levels left

rFire   . . .        G - +6 demon whip of the Omniscient Planets {protect, Bglg, Dev} (curse)
rCold   + . .        H - +4 kite shield "Share My Anxiety" {Cun, Bglg} (curse)
rNeg    . . .        K - +8 orange crystal plate armour {Archmagi, Int+3 Clar, Melee, Cun} (curse)
rPois   +            y - +1 helmet of Supernal Gnosis {rPois rC+ Int+4 Stlth+, Elem, Self} (curse)
rElec   .            d - +2 cloak "Seeker of Ashenzari" {Range, Melee} (curse)
rCorr   .            (gloves unavailable)
SInv    +            J - +2 pair of boots of the Shackled Sky {Melee, Range} (curse)
Will    +++..        C - amulet of the Soothsayer {Spirit ^Drain +Inv Will+ Int+2, Self, Cun} (curse) Stlth
                     h - ring of the All-seeing Secrets {Str+6, Dev, Fort} (curse)
HPRegen 0.66/turn    b - ring "Tethered Apathy" {rPois Str+3 Slay+4, Bglg, Self} (curse)
MPRegen 0.26/turn

%: clarity, guardian spirit, archmagi
@: studying 2 skills
A: claws 3, ignite blood 3, powered by pain 3, robust 2, sanguine armour 3,
clarity, strong-willed 1
0: Orb of Zot
}: 3/15 runes: decaying, silver, gossamer
a: Renounce Religion, Evoke Invisibility, Shatter the Chains


You escaped.
You worshipped Ashenzari.
Ashenzari was exalted by your worship.
You visited 9 branches of the dungeon, and saw 47 of its levels.
You also visited: Ice Cave.

You collected 7116 gold pieces.
You spent 2891 gold pieces at shops.

Inventory:

Hand Weapons
 G - the cursed +6 demon whip of the Omniscient Planets (weapon) {protect, Bglg, Dev}
   (You took it off a deep elf annihilator on level 3 of the Elven Halls)

   It has a curse which improves the following skills: Beguiling: Hexes and
   Translocations.
   Devices:   Evocations and Shapeshifting.
Missiles
 i - 58 poisoned darts
 q - 11 curare-tipped darts
 r - 16 boomerangs (quivered)
 L - a throwing net
 T - 10 javelins
Armour
 d - the cursed +2 cloak "Seeker of Ashenzari" (worn) {Range, Melee}
   (You found it on level 1 of the Swamp)

   It has a curse which improves the following skills: Ranged Combat: Ranged
   Weapons and Throwing.
   Melee Combat: Short Blades, Long Blades, Axes, Maces & Flails, Polearms,
   Staves and Unarmed Combat.
 y - the cursed +1 helmet of Supernal Gnosis (worn) {rPois rC+ Int+4 Stlth+, Elem, Self}
   (You found it on level 4 of the Vaults)

   Int+4:     It affects your intelligence (+4).
   rC+:       It protects you from cold.
   rPois:     It protects you from poison.
   Stlth+:    It makes you more stealthy.
   It has a curse which improves the following skills: Elements: Fire Magic, Ice
   Magic, Air Magic and Earth Magic.
   Introspection: Fighting and Spellcasting.
 H - the cursed +4 kite shield "Share My Anxiety" (worn) {Cun, Bglg}
   (You found it on level 4 of the Dungeon)

   It has a curse which improves the following skills: Cunning: Dodging and
   Stealth.
   Beguiling: Hexes and Translocations.
 J - the cursed +2 pair of boots of the Shackled Sky (worn) {Melee, Range}
   (You found it on level 1 of the Swamp)

   It has a curse which improves the following skills: Melee Combat: Short
   Blades, Long Blades, Axes, Maces & Flails, Polearms, Staves and Unarmed
   Combat.
   Ranged Combat: Ranged Weapons and Throwing.
 K - the cursed +8 orange crystal plate armour (worn) {Archmagi, Int+3 Clar, Melee, Cun}
   (You took it off a death knight on level 11 of the Dungeon)

   Int+3:     It affects your intelligence (+3).
   Clar:      It protects you from confusion, rage, mesmerisation and fear.
   It has a curse which improves the following skills: Melee Combat: Short
   Blades, Long Blades, Axes, Maces & Flails, Polearms, Staves and Unarmed
   Combat.
   Cunning:   Dodging and Stealth.
Jewellery
 b - the cursed ring "Tethered Apathy" (right claw) {rPois Str+3 Slay+4, Bglg, Self}
   (You found it in an ice cave)

   [ring of slaying]

   Str+3:     It affects your strength (+3).
   Slay+4:    It affects your accuracy & damage with ranged weapons and melee
   (+4).
   rPois:     It protects you from poison.
   It has a curse which improves the following skills: Beguiling: Hexes and
   Translocations.
   Introspection: Fighting and Spellcasting.
 h - the cursed ring of the All-seeing Secrets (left claw) {Str+6, Dev, Fort}
   (You found it on level 1 of the Dungeon)

   [ring of strength]

   Str+6:     It affects your strength (+6).
   It has a curse which improves the following skills: Devices: Evocations and
   Shapeshifting.
   Fortitude: Armour and Shields.
 C - the cursed amulet of the Soothsayer (around neck) {Spirit ^Drain +Inv Will+ Int+2, Self, Cun}
   (You found it on level 3 of the Depths)

   [amulet of guardian spirit]

   Spirit:    It causes incoming damage to be divided between your reserves of
   health and magic.
   Int+2:     It affects your intelligence (+2).
   Will+:     It increases your willpower.
   +Inv:      It lets you turn invisible.
   ^Drain:    It drains your maximum health when unequipped.
   It has a curse which improves the following skills: Introspection: Fighting
   and Spellcasting.
   Cunning:   Dodging and Stealth.
Wands
 t - a wand of polymorph (18)
 A - a wand of digging (2)
 N - a wand of quicksilver (48)
 O - a wand of roots (44)
 S - a wand of paralysis (52)
 Y - a wand of mindburst (12)
Scrolls
 g - 5 scrolls of blinking
 j - 3 scrolls of poison
 l - 10 scrolls of teleportation
 n - 8 scrolls of immolation
 s - 6 scrolls of fear
 v - 10 scrolls of vulnerability
 x - 6 scrolls of torment
 D - a scroll of revelation
 E - 5 scrolls of fog
 M - 7 scrolls of silence
 P - 6 scrolls of amnesia
 Q - 4 scrolls of summoning
 Z - a scroll of enchant armour
Potions
 c - 5 potions of ambrosia
 e - 29 potions of curing
 f - 11 potions of mutation
 k - 13 potions of heal wounds
 m - a potion of invisibility
 o - 7 potions of resistance
 p - 3 potions of berserk rage
 u - 2 potions of magic
 w - 8 potions of attraction
 z - 8 potions of haste
 B - 6 potions of brilliance
 F - 8 potions of enlightenment
 V - 5 potions of might
 X - a potion of cancellation
Miscellaneous
 a - a sack of spiders
 I - a phantom mirror (inert)
 R - a lightning rod (4/4)
 U - a tin of tremorstones (2/2)
 W - a phial of floods


   Skills:
 - Level 22.7(27) Fighting
 - Level 15.1(19.7) Maces & Flails
 - Level 13.1(16.6) Throwing
 + Level 21.4(23.5) Armour
 - Level 13.3(18.0) Dodging
 - Level 8.3(10.8) Shields
 - Level 6.3(11.0) Spellcasting
 - Level 18.5(23.0) Hexes
 - Level 7.8(12.5) Translocations
 - Level 12.0(14.3) Air Magic
 - Level 5.8(9.4) Evocations


You had 19 spell levels left.
You knew the following spells:

 Your Spells              Type           Power      Damage    Failure   Level
b - Lesser Beckoning      Tloc           100%       N/A       1%          2
e - Enfeeble              Hex            53%        N/A       4%          7
f - Cause Fear            Hex            53%        N/A       1%          4
s - Silence               Hex/Air        48%        N/A       1%          5
v - Vhi's Electric Charg  Tloc/Air       100%       N/A       2%          4
B - Blink                 Tloc           100%       N/A       1%          2
S - Swiftness             Air            85%        N/A       1%          3

Your spell library contained the following spells:

 Spells                   Type           Power      Damage    Failure   Level
 Jinxbite                 Hex            100%       N/A       0%          2
 Confusing Touch          Hex            100%       N/A       0%          3
 Ensorcelled Hibernation  Hex/Ice        100%       N/A       1%          2
 Dazzling Flash           Conj/Hex       100%       N/A       1%          3
 Gell's Gravitas          Tloc           79%        N/A       1%          3
 Inner Flame              Hex/Fire       76%        N/A       1%          3
 Teleport Other           Tloc           79%        N/A       1%          3
 Passage of Golubria      Tloc           79%        N/A       3%          4
 Mercury Vapours          Alch/Air       100%       N/A       5%          2
 Anguish                  Hex/Necr       38%        N/A       6%          4
 Momentum Strike          Conj/Tloc      100%       3d10      8%          2
 Cigotuvi's Dreadful Rot  Necr/Alch/Air  98%        N/A       14%         2
 Volatile Blastmotes      Fire/Tloc      100%       2d18      14%         3
 Metabolic Englaciation   Hex/Ice        38%        N/A       16%         5
 Summon Mana Viper        Hex/Summ       76%        N/A       16%         5
 Yara's Violent Unravell  Hex/Alch       38%        3d15      16%         5
 Mephitic Cloud           Conj/Alch/Air  49%        N/A       28%         3
 Summon Lightning Spire   Summ/Air       60%        N/A       34%         4
 Discord                  Hex            53%        N/A       34%         8
 Sandblast                Erth           40%        2d10      52%         1
 Dispersal                Tloc           39%        N/A       52%         6
 Kiss of Death            Conj/Necr      72%        2d10      54%         1
 Magic Dart               Conj           72%        1d6       54%         1
 Sting                    Conj/Alch      72%        1d7       54%         1
 Scorch                   Fire           40%        2d6       65%         2
 Arcjolt                  Conj/Air       30%        1d40      67%         5
 Call Imp                 Summ           36%        N/A       69%         2
 Searing Ray              Conj           36%        2d5       69%         2
 Sublimation of Blood     Necr           18%        N/A       69%         2
 Summon Forest            Summ/Tloc      28%        N/A       80%         5
 Frozen Ramparts          Ice            40%        1d7       87%         3
 Passwall                 Erth           20%        N/A       87%         3
 Hailstorm                Conj/Ice       19%        3d7       88%         3
 Stone Arrow              Conj/Erth      38%        3d9       88%         3
 Summon Ice Beast         Ice/Summ       19%        N/A       88%         3
 Fugue of the Fallen      Necr           18%        N/A       89%         3
 Freezing Cloud           Conj/Ice/Air   25%        6-21      94%         5
 Brom's Barrelling Bould  Conj/Erth      19%        2d4       99%         4
 Flame Wave               Conj/Fire      19%        2d7       99%         4
 Leda's Liquefaction      Alch/Erth      9%         N/A       99%         4
 Petrify                  Alch/Erth      19%        N/A       99%         4
 Conjure Ball Lightning   Conj/Air       30%        3x3d10    99%         6
 Animate Dead             Necr           18%        N/A       100%        4
 Dispel Undead            Necr           18%        3d11      100%        4
 Fulminant Prism          Conj/Alch      9%         3d7       100%        4
 Olgreb's Toxic Radiance  Alch           18%        N/A       100%        4
 Alistair's Intoxication  Alch           12%        N/A       100%        5
 Borgnjor's Vile Clutch   Necr/Erth      9%         N/A       100%        5
 Irradiate                Conj/Alch      9%         3d14      100%        5
 Lee's Rapid Deconstruct  Erth           10%        3d8*      100%        5
 Bombard                  Conj/Erth      9%         9d2       100%        6
 Death Channel            Necr           9%         N/A       100%        6
 Eringya's Noxious Bog    Alch           9%         4d6       100%        6
 Sculpt Simulacrum        Ice/Alch       9%         N/A       100%        6
 Starburst                Conj/Fire      9%         6d5       100%        6
 Summon Cactus Giant      Summ           9%         N/A       100%        6
 Malign Gateway           Summ/Tloc      28%        N/A       100%        7
 Ozocubu's Refrigeration  Ice            10%        4d9       100%        7
 Summon Hydra             Summ           9%         N/A       100%        7
 Disjunction              Tloc           39%        N/A       100%        8
 Ignition                 Fire           10%        3d5       100%        8
 Lehudib's Crystal Spear  Conj/Erth      9%         10d4      100%        8
 Maxwell's Capacitive Co  Air            42%        ∞         100%        8
 Summon Horrible Things   Summ           9%         N/A       100%        8
 Chain Lightning          Conj/Air       30%        3d40      100%        9
 Fire Storm               Conj/Fire      9%         8d3       100%        9
 Shatter                  Erth           10%        3d11*     100%        9


Dungeon Overview and Level Annotations

Branches:
Dungeon (15/15)            Temple (0/1) D:4            Lair (5/5) D:11
  Swamp (4/4) Lair:2       Spider (4/4) Lair:2        Slime (0/5) Lair:5
    Orc (2/2) D:12            Elf (3/3) Orc:2        Vaults (5/5) D:13
  Crypt (0/3) Vaults:2     Depths (4/4) D:15            Zot (5/5) Depths:4
  IceCv (visited)

Altars:
Ashenzari
Fedhas
Kikubaaqudgha
Nemelex Xobeh
Okawaru
Sif Muna
Trog
Vehumet
Wu Jian
Xom
Yredelemnul
Beogh
Jiyva

Shops:
D:14 (   D:15 *   Orc:1 (:   Orc:2 ([**   Vaults:1 !   Vaults:2 [!   Vaults:4 (
Vaults:5 *   Depths:1 [(:*(   Depths:4 ::=

Portals:
Hell: Depths:1 Depths:2 Depths:3 Depths:4
Abyss: Depths:3
Pandemonium: Depths:1 Depths:2
Ziggurat: Depths:2
Trove: Vaults:2 (give +4 shadow dragon scales)

Annotations:
D:5 3 runed translucent doors, Maxmaps's ghost, amateur DsMo
D:10 1 runed translucent door, jasper's ghost, journeyman DsWn
Elf:1 exclusions: obsidian statue and orange crystal statue
Depths:2 exclusion: orange crystal statue
Zot:5 1 exclusion


Innate Abilities, Weirdness & Mutations

You have claws for hands.
Your demonic aura causes all spilled blood to erupt in flames.
You are powered by pain.
You are very robust. (+20% HP)
When seriously injured, your blood forms very thick armour. (AC +0)
You possess an exceptional clarity of mind.
You are strong-willed. (Will+)


Message History

(Z) Zot
Where to? (Tab/Enter - D:4 @ (x,y), ? - help)
You climb downwards.
You block the ufetubus's attack. x3
The ufetubus closely misses you.
There is a stone staircase leading up here.
You block the ufetubus's attack. x2
The ynoxinul gestures.
You climb upwards.
There is a stone staircase leading down here.
(D) Dungeon (T) Temple (L) Lair (S) Swamp (N) Spider Nest (M) Slime Pits (O) Orcish Mines (E) Elven Halls (V) Vaults (C) Crypt (U) Depths (H) Hell (Z) Zot
Where to? (Tab/Enter - D:4 @ (x,y), ? - help)
What level of the Dungeon? (default 4, ? - help)
An Immemas, a red devil and an Ice Fiend come into view.
You feel yourself speed up.
The Ice Fiend roars!
Blink to where?
Press: ? - help, Dir - move target
As you read the scroll of blinking, it crumbles to dust.
There is a stone staircase leading up here.
You climb upwards.
There is a stone staircase leading down here.
(D) Dungeon (T) Temple (L) Lair (S) Swamp (N) Spider Nest (M) Slime Pits (O) Orcish Mines (E) Elven Halls (V) Vaults (C) Crypt (U) Depths (H) Hell (Z) Zot
Where to? (Tab/Enter - D:1 @ (x,y), ? - help)
You see here a +0 sling.
There is a stone staircase leading up, spattered with blood here.
You climb upwards.
There is a stone staircase leading down, spattered with blood here.
You see here 6 stones.
Your extra speed is starting to run out.
You feel yourself slow down.
You see here a hobgoblin skeleton.
HP restored.
There is a staircase leading out of the dungeon here.
You have escaped!

.## ######## ##... ..# ##.....^##
#.... ..####........### #....
.†#...........#># ##....
..#...........#.# #.....
.........######^# ######.##..
..#÷.....# ######## #...##†####
.####....# #......# #...##.#
.........###....@.#####......#
#####.....÷.......#...#...####
....#....###......#.#.#...##
.........# ##.....#........#
........{# ##....#........#####
.........# ##.....#.#.#........#
.........###......#...##...###.##
.........##...##..#...[..........
.........#...###.##.######..###.#


There were no monsters in sight!

Vanquished Creatures
  2 dread liches (Depths:2)
  2 ancient liches (Zot:5)
  Mara (Depths:1)
  An orb of fire (Zot:5)
  5 juggernauts
  Sojobo (Depths:4)
  2 Killer Klowns
  Boris (Vaults:5)
  Margery (Depths:3)
  Nikola (Depths:1)
  6 golden dragons
  2 electric golems (Zot:5)
  2 liches
  11 tentacled monstrosities
  Jorgrun (Swamp:3)
  23 Orb Guardians
  A walking divine tome (Depths:3)
  Asterion (Elf:1)
  3 titans
  3 deep elf blademasters
  2 sphinxes
  Frances (Spider:1)
  A searing wretch (Depths:3)
  8 death cobs
  2 deep elf master archers (Elf:3)
  A walking frostbound tome (Depths:3)
  4 quicksilver dragons
  11 storm dragons
  A thorn hunter (Swamp:3)
  9 shadow dragons
  2 protean progenitors (Zot:2)
  8 tengu reavers
  The ghost of Vegox the Wallflower, an adept MiHs of Uskayaw (Depths:1)
  Kirke (Elf:1)
  2 fenstrider witches
  4 draconian monks
  5 frost giants
  18 fire giants
  5 deep elf sorcerers
  5 emperor scorpions
  3 draconian knights
  2 balrugs
  15 vault wardens
  7 draconian scorchers
  3 draconian shifters
  Louise (Elf:2)
  21 ironbound preservers
  3 ghouls
  An iron dragon (Vaults:5)
  3 ghost moths
  5 deep elf elementalists (Elf:3)
  2 orc warlords
  A cacodemon (Zot:3)
  2 broodmothers
  A formless jellyfish (Vaults:3)
  4 draconian stormcallers
  A draconian annihilator (Zot:3)
  A demonspawn corrupter (Zot:3)
  15 very ugly things
  15 stone giants
  8 green draconians
  2 spriggan defenders (Depths:4)
  5 ironbound thunderhulks
  4 deep elf demonologists
  6 purple draconians
  A demonspawn black sun (Zot:3)
  A lorocyproca (Zot:3)
  Nessos (Lair:5)
  6 black draconians
  7 deep elf death magi
  6 bunyips
  7 eleionomae
  10 deep elf annihilators
  7 red draconians
  11 yellow draconians
  4 dire elephants
  3 war gargoyles
  4 white draconians
  9 spark wasps
  2 crystal guardians
  8 ettins
  2 jiangshi (Depths:3)
  8 fire dragons
  4 entropy weavers
  6 deep elf high priests
  10 yaktaur captains
  3 shambling mangroves (Swamp:4)
  11 ice dragons
  23 hydras
  4 peacekeepers
  5 rakshasas
  3 ghost crabs
  8 great orbs of eyes
  33 vault guards
  4 spriggan air magi
  6 ironbound frosthearts
  4 radroaches
  17 centaur warriors
  13 alligators
  3 ogre magi (Vaults:5)
  5 two-headed ogres
  An anaconda (Swamp:3)
  32 dancing weapons
  A death knight (D:11)
  A merfolk avatar (Lair:5)
  10 boulder beetles
  13 demonic crawlers
  A sphinx skeleton (Depths:3)
  8 deep troll shamans
  11 deep troll earth magi
  6 tengu warriors
  A soul eater (Depths:1)
  5 orc high priests
  7 spriggan berserkers
  An occultist (Depths:3)
  6 hell knights
  3 sun demons
  18 deep elf knights
  2 vampire magi
  Urug (Lair:5)
  6 pharaoh ants
  5 skeletal warriors (D:12)
  4 goliath frogs
  A shadow wraith (Vaults:2)
  3 iron trolls
  3 skysharks
  3 death drakes
  A spark wasp zombie (Depths:3)
  7 spriggan druids
  2 flayed ghosts
  14 swamp dragons
  7 orb spiders
  8 arcanists
  A sea snake (Lair:5)
  A glowing orange brain (shapeshifter) (Vaults:5)
  A golden dragon skeleton (Depths:3)
  2 glowing orange brains
  3 bog bodies
  13 harpies
  66 deep trolls
  4 steelbarb worms
  5 phantasmal warriors
  8 deep elf archers
  A lindwurm (shapeshifter) (Elf:1)
  5 sun moths
  3 necromancers
  15 ironbound convokers
  4 thermic dynamos
  5 lindwurms
  3 spectral wolf spiders (Spider:2)
  16 deep elf pyromancers
  30 wolf spiders
  13 orc knights
  3 wolf spider zombies (Spider:2)
  A human zombie (Vaults:5)
  26 deep elf zephyrmancers
  A shining eye (shapeshifter) (Vaults:5)
  7 manticores
  39 ugly things
  3 will-o-the-wisps
  6 orc sorcerers
  9 cyclopes
  A fire giant zombie (Vaults:5)
  2 meliai (Spider:4)
  A moth of wrath (shapeshifter) (Depths:2)
  A shadow dragon skeleton (Vaults:5)
  A fire giant skeleton (Depths:3)
  23 moths of wrath
  19 vault sentinels
  2 kobold blastminers (Orc:2)
  2 ice statues (IceCv)
  20 elephants
  A water nymph (shapeshifter) (Vaults:5)
  2 smoke demons
  11 black mambas
  3 gargoyles
  A guardian serpent (shapeshifter) (Vaults:5)
  3 unseen horrors
  10 rime drakes
  5 torpor snails
  4 kobold demonologists
  A hellion (Depths:1)
  An unseen horror (shapeshifter) (D:13)
  Psyche (D:11)
  A yaktaur zombie (Vaults:5)
  9 cane toads
  38 yaktaurs
  13 komodo dragons
  6 tengu conjurers
  2 tormentors
  An ice devil (Depths:2)
  A golden dragon simulacrum (Depths:3)
  7 wolf spider simulacra
  4 polar bears
  A wind drake (Lair:5)
  14 hornets
  7 trolls
  17 blink frogs
  23 tarantellas
  9 tyrant leeches
  A glass eye (Depths:1)
  12 dream sheep
  A slime creature (shapeshifter) (Vaults:2)
  11 jumping spiders
  2 air elementals
  A snapping turtle (Lair:5)
  4 shadows
  2 culicivoras (shapeshifter)
  14 culicivoras
  A wraith (D:11)
  26 slime creatures
  11 spriggans
  37 yaks
  A basilisk (shapeshifter) (D:13)
  A vampire (D:14)
  A human (D:12)
  A water elemental (Elf:2)
  7 wyverns
  6 basilisks
  3 steam dragons
  6 wargs
  2 hogs (Elf:1)
  8 vampire mosquitoes
  46 redbacks
  8 swamp worms
  A swamp worm (shapeshifter) (Vaults:5)
  2 acid dragons (D:11)
  Duvessa (D:6)
  15 water moccasins
  10 swamp drakes
  A glowing shapeshifter skeleton (Vaults:5)
  An ice beast (D:8)
  2 laughing skulls (D:15)
  17 orc warriors
  A sky beast (D:8)
  2 black bears
  7 ogres
  4 boggarts (Vaults:1)
  9 wolves
  2 phantoms
  2 centaurs
  2 kobold brigands
  4 scorpions
  12 bullfrogs
  A gnoll sergeant (D:6)
  Dowan (D:6)
  12 wights
  5 lindwurm simulacra (IceCv)
  An electric eel (Lair:1)
  7 howler monkeys
  A bombardier beetle (D:7)
  A crimson imp (D:12)
  5 hounds
  8 komodo dragon simulacra (IceCv)
  19 orc priests
  A sleepcap (D:6)
  2 iguanas
  22 orc wizards
  Natasha (twice) (D:2)
  2 acid dragon simulacra (IceCv)
  6 gnolls
  7 adders
  A shadow imp (D:6)
  A white imp (D:5)
  6 steam dragon simulacra (IceCv)
  A dart slug (D:3)
  A ribbon worm (D:3)
  79 orcs
  12 endoplasms
  4 giant cockroaches
  5 goblins
  11 hobgoblins
  A quokka (D:5)
  9 ball pythons
  4 bats
  6 frilled lizards
  11 kobolds
  6 rats
1874 creatures vanquished.

Vanquished Creatures (others)
  3 orb spiders
  A deep elf zephyrmancer (Elf:2)
  A wolf spider (Spider:2)
  A deep elf pyromancer (Elf:2)
  2 bloated husks
  A human (Elf:1)
  An orc wizard (Orc:2)
  7 foxfires
  A starspawn tentacle (Depths:3)
18 creatures vanquished.

Grand Total: 1892 creatures vanquished

Notes
Turn   | Place    | Note
-------+----------+-------------------------------------------
     0 | D:1      | Midn8 the Demonspawn Monk began the quest for the Orb.
     0 | D:1      | Reached XP level 1. HP: 18/18 MP: 1/1
   129 | D:1      | Gained mutation: Your demonic aura sometimes causes spilled
                  | blood to erupt in flames. [demonic ancestry]
   129 | D:1      | Reached XP level 2. HP: 22/24 MP: 2/2
   594 | D:1      | Gained mutation: You sometimes gain a little power by
                  | taking damage. [demonic ancestry]
   594 | D:1      | Reached XP level 3. HP: 17/29 MP: 3/3
   815 | D:2      | Noticed Natasha
   819 | D:2      | Killed Natasha
   920 | D:2      | Found a faded altar of an unknown god.
   937 | D:2      | Prayed at the altar of an unknown god.
   937 | D:2      | Became a worshipper of Ashenzari the Shackled
   957 | D:2      | Reached * piety under Ashenzari
  1061 | D:2      | Reached XP level 4. HP: 35/37 MP: 4/4
  1065 | D:2      | Noticed Natasha
  1080 | D:2      | Killed Natasha
  1457 | D:3      | Found a shimmering altar of Xom.
  1492 | D:3      | Reached skill level 5 in Maces & Flails
  1580 | D:3      | Identified a scroll of acquirement
  1591 | D:3      | Acquired a +3 dire flail of venom
  1663 | D:3      | Gained mutation: Your demonic aura often causes spilled
                  | blood to erupt in flames. [demonic ancestry]
  1663 | D:3      | Reached XP level 5. HP: 42/42 MP: 5/5
  1751 | D:3      | You fall into a shaft and drop 1 floor!
  1821 | D:4      | Reached ** piety under Ashenzari
  1870 | D:4      | Gained mutation: When seriously injured, your blood forms
                  | armour. (AC +0) [demonic ancestry]
  1870 | D:4      | Reached XP level 6. HP: 31/49 MP: 6/6
  2735 | D:4      | Reached skill level 4 in Fighting
  2889 | D:4      | Found a staircase to the Ecumenical Temple.
  3124 | D:5      | Entered Level 5 of the Dungeon
  3124 | D:5      | Found the amulet of the Four Winds {rN+ Will+++ Clar}
  3124 | D:5      | Found a runed translucent gate.
  3251 | D:5      | Reached skill level 5 in Fighting
  3262 | D:5      | Reached *** piety under Ashenzari
  3284 | D:5      | Reached XP level 7. HP: 40/59 MP: 7/7
  3667 | D:5      | Found a runed translucent gate.
  3692 | D:5      | Found a runed translucent gate.
  3818 | D:5      | Noticed Maxmaps's ghost (amateur DsMo)
  4061 | D:6      | Noticed Duvessa
  4061 | D:6      | Noticed Dowan
  4066 | D:6      | Killed Duvessa
  4070 | D:6      | Killed Dowan
  4118 | D:6      | Noticed a wyvern
  4124 | D:6      | Killed a wyvern
  4125 | D:6      | Gained mutation: You have sharp fingernails. [demonic
                  | ancestry]
  4125 | D:6      | Reached XP level 8. HP: 59/65 MP: 8/8
  4739 | D:7      | Noticed a hornet
  4740 | D:7      | Paralysed by a hornet for 2 turns
  4744 | D:7      | Killed a hornet
  4745 | D:7      | Reached skill level 10 in Maces & Flails
  5105 | D:7      | Gained mutation: You have very sharp fingernails. [demonic
                  | ancestry]
  5105 | D:7      | Reached XP level 9. HP: 69/69 MP: 9/9
  5188 | D:7      | Reached **** piety under Ashenzari
  5217 | D:7      | Reached skill level 1 in Throwing
  6177 | D:8      | Found a blossoming altar of Fedhas.
  6201 | D:8      | Found a shimmering blue altar of Sif Muna.
  6385 | D:8      | Found a sparkling altar of Nemelex Xobeh.
  6557 | D:8      | Reached skill level 6 in Fighting
  7005 | D:9      | Noticed a kobold demonologist
  7017 | D:9      | Noticed a kobold demonologist
  7044 | D:9      | Killed a kobold demonologist
  7045 | D:9      | Reached skill level 5 in Armour
  7060 | D:9      | Noticed a soul eater
  7066 | D:9      | Killed a kobold demonologist
  7067 | D:9      | Gained mutation: When seriously injured, your blood forms
                  | thick armour. (AC +0) [demonic ancestry]
  7067 | D:9      | Reached XP level 10. HP: 74/83 MP: 10/10
  7706 | D:10     | Entered Level 10 of the Dungeon
  7709 | D:10     | Found a radiant altar of Vehumet.
  7846 | D:10     | Noticed a gargoyle
  7864 | D:10     | Killed a gargoyle
  8008 | D:10     | Reached ***** piety under Ashenzari
  8068 | D:10     | Found an ornate altar of the Wu Jian Council.
  8193 | D:10     | Found a basalt altar of Yredelemnul.
  8226 | D:10     | Found a runed translucent door.
  8226 | D:10     | Found a shimmering altar of Xom.
  8226 | D:10     | Noticed jasper's ghost (journeyman DsWn)
  8230 | D:10     | Noticed a +1 scimitar of chaos
  8292 | D:10     | Found an iron altar of Okawaru.
  8626 | D:11     | Noticed a gargoyle
  8628 | D:11     | Noticed a four-headed hydra
  8774 | D:10     | Killed a gargoyle
  8841 | D:11     | Noticed a manticore
  8853 | D:11     | Killed a manticore
  8918 | D:11     | Noticed a wolf spider
  8931 | D:11     | Reached XP level 11. HP: 79/90 MP: 11/11
  8967 | D:11     | Noticed Psyche
  8976 | D:11     | Noticed a death knight
  8983 | D:10     | Killed a wolf spider
  9138 | D:11     | Noticed a brown ugly thing
  9139 | D:11     | Noticed a brown ugly thing
  9144 | D:11     | Noticed a boulder beetle
  9154 | D:10     | Killed a purple ugly thing
  9279 | D:11     | Identified the +9 dagger of Salt {heavy, *Rage rF+ Str+5
                  | Dex+4}
  9396 | D:11     | Noticed a two-headed ogre
  9397 | D:11     | Killed a brown ugly thing
  9429 | D:11     | Killed a two-headed ogre
  9525 | D:11     | Noticed a boulder beetle
  9545 | D:11     | Killed a boulder beetle
  9548 | D:11     | Acquired a manual of Fighting
  9762 | D:11     | Killed a boulder beetle
  9763 | D:11     | Reached skill level 8 in Fighting
 10178 | D:11     | Killed Psyche
 10312 | D:11     | Killed a four-headed hydra
 10313 | D:11     | Reached skill level 9 in Fighting
 10351 | D:11     | Found a staircase to the Lair.
 10402 | D:11     | Reached skill level 10 in Fighting
 10932 | D:11     | Killed a death knight
 10933 | D:11     | Reached skill level 11 in Fighting
 11115 | Lair:1   | Entered Level 1 of the Lair of Beasts
 11264 | Lair:1   | Reached skill level 12 in Fighting
 11271 | Lair:1   | Reached XP level 12. HP: 87/110 MP: 12/12
 11284 | Lair:1   | Reached skill level 13 in Fighting
 12451 | Lair:2   | Noticed a seven-headed hydra
 12456 | Lair:2   | Killed a seven-headed hydra
 12604 | Lair:2   | Reached skill level 1 in Evocations
 12890 | Lair:2   | Found a hole to the Spider Nest.
 13145 | Lair:2   | Reached skill level 5 in Throwing
 13437 | Lair:2   | Found a staircase to the Swamp.
 13688 | Lair:3   | Gained mutation: You sometimes gain power by taking damage.
                  | [demonic ancestry]
 13688 | Lair:3   | Reached XP level 13. HP: 93/119 MP: 13/13
 14414 | Lair:4   | Found a frozen archway.
 14427 | IceCv    | Entered an ice cave
 15112 | IceCv    | Noticed a white draconian
 15132 | IceCv    | Killed a white draconian
 15204 | IceCv    | Identified the ring of the Fiend {rPois Str+3 Slay+4}
 15522 | Lair:4   | Reached skill level 10 in Throwing
 16008 | Lair:5   | Entered Level 5 of the Lair of Beasts
 16013 | Lair:5   | Paralysed by a hornet for 3 turns
 16472 | Lair:5   | Noticed Urug
 16480 | Lair:5   | Killed Urug
 16569 | Lair:5   | Gained mutation: When seriously injured, your blood forms
                  | very thick armour. (AC +0) [demonic ancestry]
 16569 | Lair:5   | Reached XP level 14. HP: 117/123 MP: 14/14
 16890 | Lair:5   | Reached skill level 5 in Dodging
 16900 | Lair:5   | Noticed Nessos
 16904 | Lair:5   | Found a staircase to the Slime Pits.
 16904 | Lair:5   | Found a viscous altar of Jiyva.
 16910 | Lair:5   | Killed Nessos
 17097 | Lair:5   | Reached skill level 14 in Fighting
 17156 | Lair:5   | Found a broken altar of Ashenzari.
 17455 | Lair:5   | Learned a level 2 spell: Blink
 17534 | Lair:5   | Reached skill level 1 in Translocations
 18041 | D:12     | Found a staircase to the Orcish Mines.
 18318 | D:12     | Learned a level 2 spell: Lesser Beckoning
 18339 | D:12     | Reached skill level 1 in Spellcasting
 18812 | Orc:1    | Entered Level 1 of the Orcish Mines
 18823 | Orc:1    | Reached skill level 5 in Translocations
 19078 | Orc:1    | Found Antuw's Book Shoppe.
 19095 | Orc:1    | Found Esoonuaf's Antique Weapon Shop.
 19319 | Orc:2    | Entered Level 2 of the Orcish Mines
 19319 | Orc:2    | Found a staircase to the Elven Halls.
 20418 | Orc:2    | Reached XP level 15. HP: 134/136 MP: 21/24
 20419 | Orc:2    | Found Izitikev's General Store.
 20419 | Orc:2    | Found Nedaxky's Antique Weapon Boutique.
 20421 | Orc:2    | Found Ymas's General Store.
 20421 | Orc:2    | Found Quur's Antique Armour Boutique.
 20431 | Orc:2    | Bought a pair of brightly glowing boots for 180 gold pieces
 20431 | Orc:2    | Identified the +0 pair of boots of the Stonemason {rC+
                  | Dex+3} (You bought it in a shop on level 2 of the Orcish
                  | Mines)
 20431 | Orc:2    | Bought a glowing helmet for 142 gold pieces
 21351 | D:13     | Reached skill level 15 in Fighting
 21492 | D:13     | Found a gate to the Vaults.
 22157 | D:14     | Reached skill level 16 in Fighting
 22886 | D:14     | Found Cigiakhlefa's Weapon Shoppe.
 23163 | D:15     | Entered Level 15 of the Dungeon
 23387 | D:15     | Found a staircase to the Depths.
 23387 | D:15     | Noticed a frost giant
 23394 | D:15     | Killed a frost giant
 23741 | D:15     | Reached skill level 17 in Fighting
 23877 | D:15     | Found Keit Pud's Assorted Antiques.
 23886 | D:15     | Bought a potion of heal wounds for 155 gold pieces
 24035 | Spider:1 | Entered Level 1 of the Spider Nest
 24377 | Spider:1 | Reached skill level 10 in Armour
 24405 | Spider:1 | Noticed Frances
 24417 | Spider:1 | Killed Frances
 24455 | Spider:1 | Noticed an emperor scorpion
 24473 | Spider:1 | Killed an emperor scorpion
 25224 | Spider:2 | Gained mutation: You have claws for hands. [demonic
                  | ancestry]
 25224 | Spider:2 | Reached XP level 16. HP: 122/148 MP: 25/25
 28730 | Spider:4 | Entered Level 4 of the Spider Nest
 29659 | Spider:4 | Reached skill level 15 in Maces & Flails
 29671 | Spider:4 | Reached XP level 17. HP: 152/155 MP: 26/26
 30309 | Spider:4 | Got a gossamer rune of Zot
 30726 | Swamp:1  | Entered Level 1 of the Swamp
 31047 | Swamp:1  | Reached skill level 18 in Fighting
 32011 | Swamp:2  | Reached skill level 5 in Evocations
 32590 | Swamp:3  | Noticed Jorgrun
 32617 | Swamp:3  | Killed Jorgrun
 33499 | Swamp:3  | Reached ****** piety under Ashenzari
 33562 | Swamp:3  | Reached skill level 19 in Fighting
 33615 | Swamp:3  | Identified the +5 hand axe of Emexag {venom, rPois rCorr
                  | MP+9 Str-5}
 34012 | Swamp:4  | Entered Level 4 of the Swamp
 34075 | Swamp:3  | Gained mutation: You are powered by pain. [demonic
                  | ancestry]
 34075 | Swamp:3  | Reached XP level 18. HP: 139/171 MP: 28/28
 34596 | Swamp:4  | Reached skill level 20 in Fighting
 34894 | Swamp:3  | Learned a level 5 spell: Silence
 34912 | Swamp:4  | Reached skill level 1 in Air Magic
 35015 | Swamp:4  | Got a decaying rune of Zot
 35078 | Swamp:4  | Reached skill level 1 in Hexes
 35870 | Vaults:1 | Entered Level 1 of the Vaults
 36463 | Vaults:1 | Reached skill level 5 in Air Magic
 36675 | Vaults:1 | Found Oleastatt's Distillery.
 36679 | Vaults:1 | Bought a potion of haste for 120 gold pieces
 36679 | Vaults:1 | Bought a potion of might for 48 gold pieces
 36679 | Vaults:1 | Bought a potion of curing for 36 gold pieces
 36679 | Vaults:1 | Bought a potion of curing for 36 gold pieces
 37412 | Vaults:1 | Reached skill level 5 in Hexes
 37730 | Vaults:1 | Gained mutation: You are robust. (+10% HP) [demonic
                  | ancestry]
 37730 | Vaults:1 | Reached XP level 19. HP: 174/200 MP: 32/32
 38278 | Vaults:2 | Found Yviyd's Armour Boutique.
 38526 | Vaults:2 | Found Fekys's Distillery.
 38587 | Vaults:2 | Bought a potion of haste for 150 gold pieces
 38587 | Vaults:2 | Bought 2 potions of heal wounds for 150 gold pieces
 38587 | Vaults:2 | Bought a potion of curing for 45 gold pieces
 38587 | Vaults:2 | Bought a potion of haste for 150 gold pieces
 38587 | Vaults:2 | Bought 2 potions of curing for 90 gold pieces
 38681 | Vaults:2 | Found a portal to a secret trove of treasure.
 39414 | Vaults:2 | Found a staircase to the Crypt.
 39414 | Vaults:2 | Found a basalt altar of Yredelemnul.
 39415 | Vaults:2 | Found an ancient bone altar of Kikubaaqudgha.
 40727 | Vaults:3 | Learned a level 3 spell: Swiftness
 40771 | Vaults:3 | Reached skill level 10 in Hexes
 41390 | Vaults:3 | Reached skill level 10 in Air Magic
 42152 | Vaults:3 | Reached XP level 20. HP: 194/209 MP: 33/33
 42480 | Vaults:4 | Found Mihoewimp's Weapon Boutique.
 42869 | Vaults:4 | Found a roughly hewn altar of Beogh.
 43406 | Vaults:4 | Identified the +1 helmet "Biafytuts" {rPois rC+ Int+4
                  | Stlth+}
 43731 | Elf:1    | Entered Level 1 of the Elven Halls
 43860 | Elf:1    | Noticed Kirke
 43871 | Elf:1    | Killed Kirke
 43902 | Elf:1    | Found a radiant altar of Vehumet.
 44089 | Elf:1    | Noticed Asterion
 44121 | Elf:1    | Killed Asterion
 45648 | Elf:2    | Found a runed translucent gate.
 45648 | Elf:2    | Found a runed translucent gate.
 45648 | Elf:2    | Found a runed translucent gate.
 45922 | Elf:2    | Noticed Louise
 46318 | Elf:2    | Reached skill level 21 in Fighting
 46387 | Elf:2    | Killed Louise
 46733 | Elf:3    | Entered Level 3 of the Elven Halls
 47339 | Elf:3    | Identified the +2 quarterstaff of the Eternal Warrior
                  | {holy, *Corrode rN+ Int+5}
 47362 | Elf:3    | Reached XP level 21. HP: 121/220 MP: 34/34
 47806 | Elf:3    | Reached skill level 22 in Fighting
 47852 | Elf:3    | Identified the ring "Wujump" {Fly rPois rC- Will- Str+6}
 47861 | Elf:3    | Identified the +1 rapier of Kenemioz {flame, Int+4}
 47883 | Elf:3    | Paralysed by an air elemental for 1 turns
 48906 | Elf:3    | Identified the Treatise on Assaults and the Tincture
 48907 | Elf:3    | Identified the +0 ring mail of Pigg {Dex+3}
 48931 | Elf:3    | Learned a level 4 spell: Cause Fear
 48954 | Elf:3    | Identified the +3 shortbow of the Moth {flame, rElec Str+3
                  | Int-4 Dex+3}
 49012 | Elf:3    | Identified the +0 plate armour of Pantheism {rF- rN++
                  | Slay-2 Stlth+}
 49208 | Orc:2    | Bought a scroll of enchant weapon for 112 gold pieces
 49215 | Orc:2    | Bought a scroll of summoning for 114 gold pieces
 49215 | Orc:2    | Bought a scroll of revelation for 90 gold pieces
 49369 | Depths:1 | Entered Level 1 of the Depths
 49369 | Depths:1 | Found Ytayluuz's Armour Shoppe.
 49383 | Depths:1 | Noticed Mara
 49399 | Depths:1 | Killed Mara
 49780 | Depths:1 | Acquired 530 gold pieces
 49871 | Depths:1 | Found Duurune's General Store.
 49874 | Depths:1 | Found Kufiekun's Weapon Shoppe.
 49874 | Depths:1 | Found Bigoloth's Weapon Emporium.
 49878 | Depths:1 | Found Fiucuod's Book Emporium.
 49893 | Depths:1 | Reached skill level 5 in Shields
 50003 | Depths:1 | Noticed Vegox's ghost (adept MiHs)
 50091 | Depths:1 | Found a runed translucent door.
 50117 | Depths:1 | Killed Vegox's ghost
 50198 | Depths:1 | Found a bloodstained altar of Trog.
 50385 | Depths:1 | Noticed Nikola
 50392 | Depths:1 | Killed Nikola
 50620 | Depths:1 | Found a one-way gate leading to the halls of Pandemonium.
 50817 | Depths:1 | Found a gateway to Hell.
 51452 | Depths:2 | Found a one-way gateway to a ziggurat.
 52601 | Depths:2 | Noticed a juggernaut
 52621 | Depths:2 | Killed a juggernaut
 52621 | Depths:2 | Noticed a juggernaut
 52622 | Depths:2 | Reached skill level 10 in Dodging
 52626 | Depths:2 | Noticed a juggernaut
 52627 | Depths:2 | Noticed a juggernaut
 53051 | Depths:2 | Killed a juggernaut
 53052 | Depths:2 | Gained mutation: Your demonic aura causes all spilled blood
                  | to erupt in flames. [demonic ancestry]
 53052 | Depths:2 | Reached XP level 22. HP: 231/231 MP: 35/35
 53055 | Depths:2 | Noticed a dread lich
 53081 | Depths:2 | Killed a dread lich
 53082 | Depths:2 | Reached skill level 5 in Spellcasting
 53169 | Depths:2 | Killed a juggernaut
 53179 | Depths:2 | Killed a juggernaut
 53182 | Depths:2 | Noticed a dread lich
 53200 | Depths:2 | Killed a dread lich
 53249 | Depths:2 | Identified the +10 flail of Moply {flame, Str+3 Dex+2
                  | Stlth+}
 53291 | Depths:2 | Identified the +0 fire dragon scales of Bedazzled Salvation
                  | {rF++ rC- rCorr Dex+4}
 53359 | Depths:2 | Identified the staff "Nika Sant" {rF+ rN+ Fire}
 53929 | Depths:3 | Identified the amulet of the Hurling Hero {Spirit ^Drain
                  | +Inv Will+ Int+2}
 54389 | Depths:3 | Noticed a juggernaut
 54402 | Depths:3 | Killed a juggernaut
 54751 | Depths:3 | Found a sparkling altar of Nemelex Xobeh.
 54768 | Depths:3 | Noticed Margery
 54796 | Depths:3 | Killed Margery
 55055 | Depths:3 | Found a one-way gate to the infinite horrors of the Abyss.
 55187 | Depths:3 | Reached skill level 15 in Armour
 55497 | Depths:4 | Entered Level 4 of the Depths
 55808 | Depths:4 | Found an iron altar of Okawaru.
 55851 | Depths:4 | Found Ocwulyzi's Jewellery Boutique.
 55851 | Depths:4 | Found Tikliury's Book Emporium.
 55852 | Depths:4 | Found Uriu's Book Emporium.
 55858 | Depths:4 | Bought the Lectures on Distorted Production for 736 gold
                  | pieces
 55863 | Depths:4 | Learned a level 4 spell: Vhi's Electric Charge
 56386 | Depths:4 | Noticed Sojobo
 56426 | Depths:4 | Paralysed by an air elemental for 1 turns
 56428 | Depths:4 | Paralysed by an air elemental for 1 turns
 56452 | Depths:4 | Killed Sojobo
 57203 | Depths:4 | Found a gate to the Realm of Zot.
 57203 | Depths:4 | Noticed a golden dragon
 57228 | Depths:4 | Killed a golden dragon
 57650 | Depths:3 | Learned a level 7 spell: Enfeeble
 57921 | Vaults:5 | Entered Level 5 of the Vaults
 57963 | Vaults:5 | Reached XP level 23. HP: 234/234 MP: 31/36
 57963 | Vaults:5 | Identified the +5 trident of the Warrior-Mage {speed,
                  | Int+3}
 57993 | Vaults:5 | Identified the ring "Yma Zur" {Will+ EV+5 Dex+4}
 57993 | Vaults:5 | Identified the +0 morningstar of Impatience {heavy, *Rage
                  | rF++ Int+3}
 57993 | Vaults:5 | Identified the +1 halberd "Adifuc" {vamp, rElec rN++ Dex+3}
 58564 | Vaults:5 | Got a silver rune of Zot
 59044 | Vaults:5 | Identified the +5 dagger of Karma {freeze, rElec rC+ Str+4
                  | Int+3}
 59601 | Vaults:5 | Identified the +8 battleaxe of Wutzyed {freeze, rN+ Int+4}
 59876 | Vaults:5 | Identified the +4 robe of the Valley of Death {^Contam
                  | rElec Str+6 Archmagi}
 59876 | Vaults:5 | Noticed Boris
 59904 | Vaults:5 | Killed Boris
 60431 | Vaults:5 | Found Ciosh's Assorted Antiques.
 60536 | Vaults:5 | Bought a scroll of summoning for 237 gold pieces
 60536 | Vaults:5 | Bought a potion of mutation for 200 gold pieces
 60536 | Vaults:5 | Bought a scroll of fog for 100 gold pieces
 60916 | Vaults:5 | Reached skill level 15 in Hexes
 61569 | Zot:1    | Entered Level 1 of the Realm of Zot
 61671 | Zot:1    | Reached XP level 24. HP: 193/243 MP: 27/36
 63082 | Zot:3    | Found an ancient bone altar of Kikubaaqudgha.
 63581 | Zot:4    | Noticed a Killer Klown
 63604 | Zot:4    | Killed a Killer Klown
 63778 | Zot:5    | Entered Level 5 of the Realm of Zot
 64367 | Zot:5    | Noticed an orb of fire
 64385 | Zot:5    | Gained mutation: Your system is resistant to poisons.
                  | (rPois) [an orb of fire]
 64392 | Zot:5    | Gained mutation: Your body sometimes deteriorates upon
                  | taking damage. [an orb of fire]
 64393 | Zot:5    | Killed an orb of fire
 64644 | Zot:5    | Lost mutation: Your system is resistant to poisons. (rPois)
                  | [potion of mutation]
 64644 | Zot:5    | Lost mutation: Your body sometimes deteriorates upon taking
                  | damage. [potion of mutation]
 64644 | Zot:5    | Gained mutation: You are strong-willed. (Will+) [potion of
                  | mutation]
 64644 | Zot:5    | Gained mutation: You possess an exceptional clarity of
                  | mind. [potion of mutation]
 64814 | Zot:5    | Noticed a Killer Klown
 64833 | Zot:5    | Killed a Killer Klown
 65117 | Zot:5    | Noticed an ancient lich
 65334 | Zot:5    | Killed an ancient lich
 65631 | Zot:5    | Noticed an ancient lich
 65657 | Zot:5    | Killed an ancient lich
 66327 | Zot:5    | Gained mutation: You are very robust. (+20% HP) [demonic
                  | ancestry]
 66327 | Zot:5    | Reached XP level 25. HP: 229/280 MP: 34/38
 66428 | Zot:5    | Got the Orb of Zot
 67014 | D:3      | Noticed Immemas the pandemonium lord
 67089 | D:$      | Escaped with the Orb!

Illustrated notes

Levels and vault maps discovered:
D:1:      elethiomel_arrival_shortcut, layout_rooms, interstate_on_off,
          chequers_serial_rivers_large_b
D:2:      layout_rooms, dreamdust_ecumenical_altar_angels_and_demons,
          minmay_domino_2, uniq_natasha
D:3:      corexii_shack_village, layout_loops_ring,
          mainiacjoe_overflow_boulevard
D:4:      layout_loops_ring, minmay_temple_entry_enclosed_plants,
          hangedman_feature_mirror
D:5:      layout_rooms, gammafunk_ghost_icy
D:6:      layout_basic, uniq_duvessa
D:7:      layout_loops_corners, amcnicky_altar_gilded
D:8:      layout_basic, fedhas_altar_1, mainiacjoe_overflow_catch_the_wave,
          serial_glass, glass_columns_a, glass_columns_a
D:9:      layout_irregular_city
D:10:     layout_gridville, overflow_temple_1_default,
          nicolae_wu_jian_immortal_techniques, mainiacjoe_overflow_catwalk,
          nicolae_vehumet_radiance, ebering_ghost_xom
D:11:     layout_loops_ring, lair_entry_dummy,
          minmay_the_grid_square_5x5_3x3_mashed
          [minmay_the_grid_square_5x5_corner,
          minmay_the_grid_square_5x5_three_walls,
          minmay_the_grid_square_5x5_shuriken,
          minmay_the_grid_square_5x5_intrusive_squares,
          minmay_the_grid_square_5x5_megaprize_checkered,
          minmay_the_grid_square_5x5_tri_point,
          minmay_the_grid_square_5x5_n_small, minmay_the_grid_square_5x5_forky,
          minmay_the_grid_square_5x5_three_small], uniq_psyche
D:12:     layout_long_grid, erik_orc_4, lightli_wizard_tower
D:13:     layout_long_grid, erik_vaults_1
D:14:     layout_gridville, serial_shops, shop, roderic_lattice_a
D:15:     grunt_enter_depths_snipers, layout_rooms, good_gods_temple_1,
          serial_shops, nicolae_shop_tiny_statue_garden,
          chequers_serial_rivers_micro_c
Lair:1:   layout_long_grid, grunt_megastairs_2, infiniplex_staircase_pool
Lair:2:   layout_hall_layers, mainiacjoe_swamp_entry_lozenge_pond,
          nicolae_spider_entry_orb_guardian, serial_bayou_pond_a
Lair:3:   layout_big_grid, nicolae_quartered_pool_little, lemuel_fruit_tree,
          serial_bayou_shore_b
Lair:4:   layout_roguey, portal_ice_cave_entry_pillars_2
Lair:5:   gammafunk_lair_ancient_temple, layout_gridlike, slime_entry_1,
          basic_altar, uniq_nessos, uniq_urug
Swamp:1:  layout_basic_swamp, evilmike_swamp_ruin_house_5,
          nicolae_swamp_stuck_in_the_mud
Swamp:2:  layout_falls_marsh, infiniplex_staircase_pool_2
Swamp:3:  nzn_winding_woodlands_three_and_one
          [nzn_winding_woodlands_5x15_concentric,
          nzn_winding_woodlands_5x15_pathside_ponds,
          nzn_winding_woodlands_5x15_default,
          nzn_winding_woodlands_center_diamonds], layout_basic_swamp,
          nicolae_swamp_stair_fork, nicolae_swamp_snake_nest, uniq_jorgrun
Swamp:4:  swamp_alternative, layout_basic_swamp
Spider:1: layout_spider_delve, uniq_frances
Spider:2: layout_spider_delve, nicolae_spider_circle_web,
          nicolae_spider_undead_wolf_pack
Spider:3: layout_cave_pods, drop_trap, nicolae_spider_stair_cavern
Spider:4: hellmonk_spider_rune_bug_friends, drop_trap
Orc:1:    layout_diamond_mine, serial_shops, nicolae_shop_just_a_little_nook,
          nicolae_shop_window_shopping, nicolae_shop_window_shopping, shop,
          kennysheep_orc_sif_temple
Orc:2:    grunt_orc_tribal_feast, layout_caves
Elf:1:    layout_onion_city, guppyfry_elf_altar, st_stairs_2,
          hangedman_elven_ridges, uniq_kirke, uniq_asterion
Elf:2:    elven_hall_of_blades_hangedman_original
          [nicolae_blade_entry_sentries_behind_glass], layout_geoelf_octagon,
          uniq_louise
Elf:3:    grunt_elf_hall_diamonds, layout_geoelf_octagon,
          serial_sigils_hangedman_clutch
Vaults:1: vaults_room_corners, nicolae_vaults_double_plus_1,
          nicolae_vaults_offset_grid_hallway_1, vaults_room_stairs_pillars,
          nicolae_vaults_ellipses_ellipsis, vaults_room_ringed_pool,
          v_pattern_2, nicolae_vaults_what_the_h,
          nicolae_vaults_closet_pinwheel_3, grunt_vaults_twisty, v_misc_15,
          st_cells, hangedman_vaults_stretched_pinwheel, v_alt_pattern_1,
          vaults_room_grid, layout_vaults_maze_bifur, serial_shops,
          nicolae_shop_waterfront
Vaults:2: nicolae_vaults_crenellated_ambush, v_alt_pattern_6,
          nicolae_vaults_theta, vaults_room_door_ring, v_misc_1,
          nicolae_vaults_layer_cake_slice, vaults_dpeg_ring, v_alt_pattern_2,
          nicolae_vaults_taking_the_gang_shopping,
          minmay_crypt_entry_necro_gods, vaults_room_large_hall,
          nicolae_vaults_storage_room_water, nicolae_vaults_specimen_jars,
          nicolae_vaults_double_plus_1, layout_vaults_chaotic_city,
          enter_trove_5, serial_shops, shop
Vaults:3: vaults_standard_mumra_enter_the_diamond, nicolae_vaults_six-pack,
          ontoclasm_vaults_pinch, nicolae_vaults_swerve, hangedman_vaults_nails,
          v_misc_18, nicolae_vaults_apartment_1, hangedman_vaults_stream,
          vaults_mumra_minichess, nicolae_vaults_house_3,
          layout_vaults_big_cross
Vaults:4: nicolae_vaults_yaktaur_gun_rack, nicolae_vaults_door_testing_chamber,
          lightli_church_of_beogh, nicolae_vaults_trapezoid_2,
          ontoclasm_vaults_claustrophobia, nicolae_vaults_tetromino_L_2,
          layout_vaults_omnigrid, serial_shops, nicolae_shop_trees
Vaults:5: uniq_boris
Depths:1: layout_basic, grunt_pan_entry_in_and_out,
          hellmonk_ghost_happy_afterlife, pf_vacation_house_of_asmodeus,
          serial_shops, nicolae_shop_tiny_statue_garden,
          evilmike_spriggan_trog_shrine, minmay_shoptagon, uniq_mara,
          uniq_nikola
Depths:2: regret_index_infernal_bastille, layout_honeycomb, enter_ziggurat_e,
          rand_demon_pan_entry_8, serial_glass, glass_columns_a,
          glass_columns_a, glass_columns_b, glass_columns_b, glass_columns_c,
          glass_columns_a, hell_entry, minivault_15
Depths:3: minmay_chopped_fan, layout_long_grid, abyss_entry_glasseish,
          nemelex_diamond_rough_becter, lightli_too_deep,
          chequers_serial_rivers_small_3, uniq_margery
Depths:4: grunt_zot_entry_funnels, layout_gridville, hell_entry,
          okawaru_trees_1, drop_trap, minmay_shop_grove, uniq_sojobo
Zot:1:    layout_misc_corridors
Zot:2:    layout_cathedral_of_symmetry, regret_index_zotdec_wing_it,
          grunt_megastairs_4
Zot:3:    layout_gridville, regret_index_zotdec_twisting_globes
Zot:4:    layout_basic, gammafunk_ghost_ooze
Zot:5:    layout_cellular_growth, grunt_ministairs_6

Skill      XL: |  1  2  3  4  5  6  7  8  9 10 11 12 13 14 15 16 17 18 19 20 21 22 23 24 |
---------------+-------------------------------------------------------------------------+-----
Maces & Flails | 3 4 5 6 8 10 12 14 15 | 15.1
Fighting       | 5 6 12 13 14 17 19 20 21 22 | 22.7
Armour         | 3 5 9 11 12 13 17 19 21 | 21.4
Throwing       | 4 6 11 12 13 | 13.1
Evocations     | 4 5 |  5.8
Dodging        | 5 6 11 13 | 13.3
Translocations | 7 |  7.8
Spellcasting   | 3 4 6 |  6.3
Air Magic      | 7 10 12 | 12.0
Hexes          | 5 11 13 15 18 | 18.5
Shields        | 8 |  8.3

Action                     |  1- 3 |  4- 6 |  7- 9 | 10-12 | 13-15 | 16-18 | 19-21 | 22-24 | 25-27 || total
---------------------------+-------+-------+-------+-------+-------+-------+-------+-------+-------++-------
  Melee: Mace              |    76 |    41 |       |       |       |       |       |       |       ||   117
         Dire flail        |       |    84 |   202 |   403 |  1182 |  1521 |  1154 |       |       ||  4546
         Demon whip        |       |       |       |       |       |       |   505 |  2230 |    78 ||  2813
  Throw: Dart              |       |       |     2 |    19 |       |       |     4 |     3 |       ||    28
         Boomerang         |       |       |       |    31 |    23 |   102 |    47 |   111 |     7 ||   321
         Javelin           |       |       |       |       |       |     2 |       |     4 |       ||     6
   Cast: Lesser Beckoning  |       |       |       |       |    14 |    57 |    79 |     8 |     1 ||   159
         Blink             |       |       |       |       |       |     1 |       |       |       ||     1
         Silence           |       |       |       |       |       |       |    35 |    47 |       ||    82
         Vhi's Electric Ch |       |       |       |       |       |       |       |     2 |       ||     2
         Enfeeble          |       |       |       |       |       |       |       |     9 |       ||     9
 Invoke: Curse Item        |     2 |     3 |     2 |     2 |     1 |     3 |     2 |     2 |       ||    17
         Shatter the Chain |       |       |     1 |     1 |     1 |     1 |     1 |     2 |       ||     7
  Evoke: Wand              |       |       |       |     2 |     1 |     1 |       |     3 |     3 ||    10
         Phial of floods   |       |       |       |       |       |       |     1 |       |       ||     1
         Phantom mirror    |       |       |       |       |       |       |       |       |     1 ||     1
    Use: Potion            |     1 |       |       |     1 |       |     1 |     1 |    12 |     2 ||    18
         Scroll            |       |     1 |     4 |     2 |     4 |       |    16 |     8 |     1 ||    36
   Stab: Sleeping          |       |     1 |       |       |       |       |       |       |       ||     1
         Paralysed         |       |       |       |       |     3 |       |       |       |       ||     3
         Distracted        |       |       |       |       |     1 |       |     1 |     1 |     1 ||     4
         Confused          |       |       |       |       |       |     1 |       |       |       ||     1
         Invisible         |       |       |       |       |       |       |       |    11 |       ||    11
 Armour: Robe              |    28 |       |       |       |       |       |       |       |       ||    28
         Leather armour    |    18 |    31 |       |       |       |       |       |       |       ||    49
         Ring mail         |       |    35 |    29 |       |       |       |       |       |       ||    64
         Plate armour      |       |       |   112 |   130 |       |       |       |       |       ||   242
         Crystal plate arm |       |       |       |   179 |  1010 |  1544 |  1226 |  1126 |    53 ||  5138
  Dodge: Dodged            |    45 |    78 |    67 |    88 |   339 |   607 |   464 |   496 |    27 ||  2211
  Block: Kite shield       |       |       |       |       |       |       |   256 |  1024 |    38 ||  1318

Table legend: (Time is in decaauts)
 A = Elapsed time spent in this place.
 B = Non-inter-level travel time spent in this place.
 C = Inter-level travel time spent in this place.
 D = Time resting spent in this place.
 E = Time spent auto-exploring this place.
 F = Levels seen in this place.
 G = Mean time per level.
                   A        B        C        D        E       F      G
               +--------+--------+--------+--------+--------+-----+--------+
         Total |  64479 |  60270 |   4209 |  24052 |  21783 |  48 | 1343.3 |
       Dungeon |  15881 |  14307 |   1574 |   3647 |   7970 |  15 | 1058.7 |
          Lair |   6073 |   5649 |    424 |   1770 |   2653 |   5 | 1214.6 |
         Swamp |   4992 |   4775 |    217 |   2113 |   1455 |   4 | 1248.0 |
   Spider Nest |   6122 |   6016 |    106 |   3365 |   1538 |   4 | 1530.5 |
  Orcish Mines |   2169 |   1863 |    306 |    834 |    704 |   2 | 1084.5 |
   Elven Halls |   4751 |   4489 |    262 |   2046 |   1265 |   3 | 1583.7 |
        Vaults |  10907 |  10175 |    732 |   3942 |   3360 |   5 | 2181.4 |
        Depths |   8208 |   7782 |    426 |   3507 |   2517 |   4 | 2052.0 |
           Zot |   4506 |   4349 |    157 |   2375 |    232 |   5 |  901.2 |
      Ice Cave |    864 |    864 |      0 |    450 |     87 |   1 |  864.0 |
               +--------+--------+--------+--------+--------+-----+--------+

Top non-repeatable levels by time:
Vaults:5: 2851 daAuts
   Zot:5: 2474 daAuts
Vaults:2: 2389 daAuts
Depths:2: 2380 daAuts
Spider:3: 2331 daAuts
    D:10: 2206 daAuts
Vaults:3: 2133 daAuts
Depths:3: 2093 daAuts
Depths:4: 2073 daAuts
 Swamp:3: 1948 daAuts
Vaults:1: 1881 daAuts
   Elf:3: 1815 daAuts
   Elf:2: 1667 daAuts
Depths:1: 1660 daAuts
Vaults:4: 1652 daAuts
